 Dungeon Crawl Stone Soup version 0.30-a0-956-gcec3b41aec (webtiles) character file.

Game seed: 175315732730588584

28 retardedninja the Covered (level 2, 0/27 HPs)
             Began as an Armataur Fighter on Mar 29, 2023.
             Slain by a worm (8 damage)
             ... on level 2 of the Dungeon.
             The game lasted 00:00:42 (771 turns).

retardedninja the Covered (Armataur Fighter)         Turns: 771, Time: 00:00:42

Health: 0/27       AC:  7    Str: 21    XL:     2   Next: 96%
Magic:  2/2        EV:  7    Int:  8    God:
Gold:   77         SH:  4    Dex:  9    Spells: 1/1 levels left

rFire   . . .      SeeInvis .    a - +0 long sword
rCold   . . .      Faith    .    c - +0 buckler
rNeg    . . .      Spirit   .    b - +0 scale mail
rPois   .          Reflect  .    (no helmet)
rElec   .          Roll     +    (no cloak)
rCorr   .                        (no gloves)
Will    .....                    (no barding) Stlth
                                 (no amulet)
HPRegen 0.24/turn                (no ring)
MPRegen 0.08/turn                (no ring)

@: no status effects
A: large, rugged brown scales 3, deformed body, armoured tail, roll, long
tongue, awkward tongue
a: no special abilities


You were on level 2 of the Dungeon.
You visited 1 branch of the dungeon, and saw 2 of its levels.

You collected 77 gold pieces.

Inventory:

Hand Weapons
 a - a +0 long sword (weapon)
Armour
 b - a +0 scale mail (worn)
 c - a +0 buckler (worn)
Jewellery
 j - an amulet of regeneration
Scrolls
 e - a scroll of enchant armour {unknown}
 i - a scroll of amnesia {unknown}
 k - a scroll of teleportation {unknown}
 m - a scroll of fog {unknown}
Potions
 d - 2 potions of might
 f - a potion of attraction {unknown}
 g - a potion of invisibility {unknown}
 h - 2 potions of degeneration {unknown}
 l - a potion of magic {unknown}


   Skills:
 + Level 3.0 Fighting
 + Level 2.2 Long Blades
 + Level 4.0 Armour
 + Level 3.6 Shields


You had one spell level left.
You didn't know any spells.
Your spell library contained the following spells:

 Spells                   Type           Power      Damage    Failure   Level
 Beastly Appendage        Tmut           0%         N/A       80%         1
 Wereblood                Tmut           0%         N/A       91%         2
 Spider Form              Tmut/Pois      0%         N/A       99%         3


Dungeon Overview and Level Annotations

Branches:
Dungeon (2/15)

Altars:


Innate Abilities, Weirdness & Mutations

You are completely covered in rugged brown scales. (AC +3, +7% HP)
Armour fits poorly on your strangely shaped body.
You have a long armoured tail.
You roll when moving toward enemies. (Rampage)
Your long tongue fully drains potion bottles. (2x potion effects)
Your tongue gives you trouble enunciating. (1.5x scroll delay)


Message History

Key pressed, stopping explore.
Key pressed, stopping explore.
No target in view!
Done exploring.
Done exploring.
Done exploring.
Done exploring.
You see here a +0 dagger.
There is a stone staircase leading down here.
You climb downwards.
Found 4 gold pieces.
There is a stone staircase leading up here.
You now have 77 gold pieces (gained 4).
Key pressed, stopping explore.
No target in view!
A worm comes into view.
You roll towards the worm!
Found 13 gold pieces.
A worm is nearby!
You roll towards the worm!
A worm is nearby!
You hit the worm.
Your tail-slap misses the worm.
The worm is moderately wounded.
The worm bites you!
A worm is nearby!
You hit the worm.
The worm is severely wounded.
The worm bites you.
You are too injured to fight recklessly!
A worm is nearby!
You are too injured to fight recklessly!
A worm is nearby!
You are too injured to fight recklessly!
You hit the worm.
The worm is severely wounded.
The worm bites you.
* * * LOW HITPOINT WARNING * * *
You hit the worm but do no damage.
The worm is heavily wounded.
The worm bites you!
You die...

........... ..........
.......... ......$. ..
#...... ..... #.....#
......
###.....#####......
#.....w@...........
#..................
#...................
#..................#
#..................#
#..................#
#..................# .
#..................#..
#.....................


You could see a worm.

Vanquished Creatures
  A dart slug (D:1)
  2 ball pythons (D:1)
  An endoplasm (D:1)
  A hobgoblin (D:1)
  4 jackals (D:1)
  3 quokkas (D:1)
  2 bats (D:1)
  A frilled lizard (D:1)
  4 goblins (D:1)
  2 kobolds (D:1)
  2 rats (D:1)
23 creatures vanquished.

Notes
Turn   | Place    | Note
-------+----------+-------------------------------------------
     0 | D:1      | retardedninja the Armataur Fighter began the quest for the
                  | Orb.
     0 | D:1      | Reached XP level 1. HP: 19/19 MP: 1/1
   118 | D:1      | Reached XP level 2. HP: 25/26 MP: 2/2
   478 | D:1      | Reached skill level 4 in Armour
   771 | D:2      | Slain by a worm

Illustrated notes

Levels and vault maps discovered:
D:1:      onia_arrival_mini_spirals, layout_loops_ring
D:2:      cheibrodos_old_hovel, layout_basic, patterned_corridor, uniq_terence

Skill      XL: |  1  2 |
---------------+-------+-----
Long Blades    | 2 |  2.2
Armour         | 4 |  4.0
Fighting       | 3 |  3.0
Shields        | |  3.6

Action                     || total
---------------------------++-------
  Melee: Long sword        ||    67
         Tailslap          ||     4
 Armour: Scale mail        ||    31
  Dodge: Dodged            ||    25
  Block: Buckler           ||    15

Table legend: (Time is in decaauts)
 A = Elapsed time spent in this place.
 B = Non-inter-level travel time spent in this place.
 C = Inter-level travel time spent in this place.
 D = Time resting spent in this place.
 E = Time spent auto-exploring this place.
 F = Levels seen in this place.
 G = Mean time per level.
                   A        B        C        D        E       F      G
               +--------+--------+--------+--------+--------+-----+--------+
         Total |    793 |    767 |     26 |      0 |    621 |   2 |  396.5 |
       Dungeon |    793 |    767 |     26 |      0 |    621 |   2 |  396.5 |
               +--------+--------+--------+--------+--------+-----+--------+

Top non-repeatable levels by time:
     D:1: 776 daAuts
     D:2: 16 daAuts
